 Dungeon Crawl Stone Soup version 0.21.1-1-g345015f (webtiles) character file.

79 troglodite the Skirmisher (level 4, -6/37 HPs)
             Began as a Demonspawn Berserker on Mar 13, 2018.
             Was a Believer of Trog.
             Mangled by an ice beast (12 damage)
             ... summoned by soepske's ghost
             ... on level 3 of the Dungeon.
             The game lasted 00:04:57 (1578 turns).

troglodite the Skirmisher (Demonspawn Berserker)    Turns: 1578, Time: 00:04:58

Health: -6/37      AC: 11    Str: 18    XL:     4   Next: 17%
Magic:  4/4        EV:  6    Int:  8    God:    Trog [**....]
Gold:   64         SH:  0    Dex: 13    Spells: 3/3 levels left

rFire    . . .     SeeInvis .   a - +0 falchion
rCold    . . .     Gourm    .   (no shield)
rNeg     . . .     Faith    .   l - +0 plate armour
rPois    .         Spirit   .   (no helmet)
rElec    .         Reflect  .   (no cloak)
rCorr    .         Harm     .   (no gloves)
MR       .....                  (no boots)
Stlth    ..........             (no amulet)
HPRegen  0.12/turn              (no ring)
MPRegen  0.09/turn              (no ring)

@: berserk cooldown, slowed, very slow
A: demonic guardian 1
a: Berserk, Trog's Hand, Burn Spellbooks, Renounce Religion


You were on level 3 of the Dungeon.
You worshipped Trog.
Trog was pleased with you.
You were hungry.

You visited 1 branch of the dungeon, and saw 3 of its levels.

You collected 64 gold pieces.

Inventory:

Hand Weapons
 a - a +0 falchion (weapon)
Armour
 l - a +0 plate armour (worn)
Scrolls
 b - a scroll of blinking {unknown}
 d - a scroll of amnesia {unknown}
 f - a scroll of teleportation {unknown}
 i - 5 scrolls of identify {unknown}
 m - a scroll of enchant armour {unknown}
Potions
 e - a potion of berserk rage {unknown}
 h - a potion of ambrosia {unknown}
 j - a potion of curing {unknown}
 k - a potion of haste {unknown}
Comestibles
 c - 6 rations
 g - 2 chunks of flesh


   Skills:
 * Level 3.8 Fighting
 + Level 3.3 Long Blades
 * Level 2.3 Armour
 * Level 2.2 Dodging


You had 3 spell levels left.
You didn't know any spells.

Dungeon Overview and Level Annotations

Branches:
Dungeon (3/15)

Altars:
Sif Muna
Yredelemnul
The Shining One

Annotations:
D:3 soepske's ghost, amateur GnSu


Innate Abilities, Weirdness & Mutations

A weak demonic guardian rushes to your aid.


Message History

Soepske's ghost hits you but does no damage.
The ice beast hits you. The ice beast freezes you!
Your iron imp barely misses soepske's ghost.
The shadow imp hits you.
The ice beast hits your iron imp but does no damage.
You slash soepske's ghost!
Soepske's ghost is moderately damaged.
The crimson imp blinks!
Soepske's ghost hits you!
* * * LOW HITPOINT WARNING * * *
The ice beast barely misses you.
The shadow imp hits you but does no damage.
Your iron imp misses soepske's ghost.
You hit soepske's ghost but do no damage.
Soepske's ghost is moderately damaged.
You are no longer berserk.
You are exhausted.
You feel yourself slow down. The ice beast hits you.
* * * LOW HITPOINT WARNING * * *
The ice beast freezes you!
You die...

####..#####
#..# #..#
####..#
#.....#####.#
#.###.......#
##.#########.#
#5.Y......
#5@#######
#YW# #.Y# #5.#
#..# #..ยง
##.. ###


You could see 3 ice beasts, soepske's ghost, a crimson imp, a shadow imp and a
friendly iron imp.

Vanquished Creatures
  A dart slug (D:2)
  A leopard gecko (D:1)
  An orc (D:3)
  A ball python (D:1)
  8 bats
  2 giant cockroaches (D:1)
  7 goblins
  6 hobgoblins
  6 jackals
  4 frilled lizards
  4 kobolds
  5 rats
46 creatures vanquished.

Vanquished Creatures (collateral kills)
  A crimson imp (D:2)
  A kobold (D:3)
2 creatures vanquished.

Grand Total: 48 creatures vanquished

Notes
Turn   | Place    | Note
-------+----------+-------------------------------------------
     0 | D:1      | troglodite the Demonspawn Berserker began the quest for the Orb.
     0 | D:1      | Reached XP level 1. HP: 18/18 MP: 1/1
   265 | D:1      | Gained mutation: A weak demonic guardian rushes to your aid. [demonic ancestry]
   265 | D:1      | Reached XP level 2. HP: 24/24 MP: 2/2
   703 | D:1      | Reached ** piety under Trog
   949 | D:2      | Reached XP level 3. HP: 29/29 MP: 3/3
  1093 | D:2      | Found a glowing golden altar of the Shining One.
  1181 | D:2      | Found a basalt altar of Yredelemnul.
  1283 | D:2      | Found a deep blue altar of Sif Muna.
  1310 | D:2      | Reached XP level 4. HP: 37/37 MP: 4/4
  1563 | D:3      | Noticed soepske's ghost (amateur GnSu)
  1570 | D:3      | Noticed an ice beast
  1572 | D:3      | Noticed an ice beast
  1573 | D:3      | Noticed an ice beast
  1578 | D:3      | Mangled by an ice beast

Skill      XL: |  1  2 |
---------------+-------+-----
Dodging        | 2 |  2.2
Long Blades    | 3 |  3.3
Armour         | 2 |  2.3
Fighting       | |  3.8

Action                   |  1- 3 |  4- 6 || total
-------------------------+-------+-------++-------
Melee: Falchion          |   123 |    37 ||   160
Invok: Berserk           |     1 |     1 ||     2
  Eat: Chunk             |     2 |     1 ||     3
Armor: Chain mail        |    80 |       ||    80
       Plate armour      |     6 |    22 ||    28
Dodge: Dodged            |    62 |    16 ||    78
       Rpst.: Falchion   |    19 |     3 ||    22
